Map: Acid Plant LE

Players

Trap - Winner!

  • Race: Protoss Protoss
  • League: Master
  • Spawn Location: 11:00

HellraiseR

  • Race: Protoss Protoss
  • League: Master
  • Spawn Location: 5:00

Event: HomeStory Cup XVIII

VOD

Have the link to the VOD?

Description

Time

  • Played on: Nov. 23, 2018, 8:57 a.m.
  • Length: 8:45

All games in this series

Show
View Real Time Build Order
Export as new Build Order

Trap Protoss - Winner!

Build Orders: Phoenix Opening, Mass Phoenix 

Get SALT Encoding   

  12  0:00  Probe  
  13  0:12  Probe  
  14  0:19  Pylon  
  14  0:25  Probe  
  15  0:33  Probe  
  15  0:38  Gateway  
  15  0:41  Probe  
  16  0:49  Assimilator  
  17  0:51  Probe  
  17  0:55  Assimilator  
  18  0:59  Probe  
  19  1:07  Probe  
  19  1:08  Gateway  
  20  1:18  Probe  
  20  1:24  Cybernetics Core  
  21  1:30  Probe  
  22  1:34  Pylon  
  22  1:42  Probe  
  24  1:54  Probe  
  24  2:00  Stalker  
  24  2:01  Sentry  
  28  2:03  Warp Gate  
  28  2:13  Pylon  
  28  2:32  Stalker  
  28  2:35  Phoenix  
  30  2:40  Stargate  
  30  2:49  Stalker  
  32  3:00  Nexus  
  32  3:06  Probe  
  33  3:17  Pylon  
  33  3:18  Probe  
  34  3:24  Phoenix  
  36  3:28  Probe  
  37  3:36  Probe  
  38  3:45  Probe  
  38  3:49  Phoenix  
  41  3:55  Probe  
  42  4:03  Probe  
  42  4:08  Assimilator  
  43  4:12  Probe  
  43  4:13  Probe  
  43  4:14  Phoenix  
  47  4:17  Stargate  
  47  4:20  Shield Battery  
  47  4:25  Probe x2  
  47  4:30  Phoenix  
  49  4:34  Assimilator  
  49  4:35  Probe  
  49  4:37  Probe  
  51  4:44  Probe  
  53  4:49  Probe  
  53  4:52  Probe  
  55  4:54  Pylon  
  55  4:59  Phoenix  
  58  5:01  Probe  
  58  5:03  Probe  
  58  5:05  Phoenix  
  62  5:14  Probe  
  63  5:15  Probe  
  64  5:23  Fleet Beacon  
  64  5:28  Pylon  
  64  5:30  Phoenix  
  66  5:36  Phoenix  
  66  5:38  Probe  
  66  5:39  Probe  
  70  5:46  Phoenix  
  70  5:50  Anion Pulse-Crystals  
  70  5:55  Pylon, Phoenix  
  70  5:57  Pylon  
  72  6:01  Phoenix  
  72  6:02  Pylon  
  74  6:13  Probe x2  
  74  6:18  Phoenix  
  78  6:21  Pylon  
  78  6:27  Phoenix  
  78  6:32  Nexus  
  79  6:41  Pylon  
  79  6:43  Phoenix  
  81  6:48  Probe x2  
  81  6:52  Phoenix  
  85  6:56  Pylon  
  83  7:04  Phoenix  
  77  7:10  Phoenix  
  77  7:13  Probe x2  
  77  7:15  Stalker  
  77  7:16  Stalker  
  83  7:23  Assimilator  
  83  7:25  Probe x2  
  83  7:26  Phoenix  
  83  7:28  Assimilator  
  85  7:38  Phoenix  
  83  7:44  Phoenix  
  83  7:47  Probe x3  
  83  7:51  Forge  
  84  7:56  Phoenix  
  86  7:59  Probe x3  
  86  8:04  Zealot  
  86  8:05  Zealot  
  95  8:06  Phoenix  
  97  8:19  Phoenix  
  93  8:24  Probe x3  
  96  8:33  Stargate  
Show
View Real Time Build Order
Export as new Build Order

HellraiseR Protoss 

Build Orders: Phoenix Opening, Mass Phoenix 

Get SALT Encoding   

  12  0:00  Probe  
  13  0:13  Probe  
  14  0:17  Pylon  
  14  0:22  Probe  
  15  0:31  Probe  
  15  0:37  Gateway  
  15  0:41  Probe  
  16  0:46  Assimilator  
  17  0:52  Probe  
  17  0:55  Assimilator  
  18  1:00  Probe  
  18  1:08  Gateway, Probe  
  20  1:20  Probe  
  20  1:24  Cybernetics Core  
  21  1:32  Probe  
  22  1:34  Pylon  
  22  1:44  Probe  
  23  1:56  Probe  
  23  2:00  Sentry, Stalker, Warp Gate  
  28  2:08  Probe  
  28  2:12  Pylon  
  29  2:29  Stargate  
  29  2:33  Phoenix  
  28  2:46  Nexus  
  28  2:49  Probe  
  29  3:01  Probe  
  29  3:03  Stalker  
  32  3:08  Phoenix  
  32  3:13  Probe  
  35  3:25  Probe  
  36  3:27  Phoenix  
  38  3:36  Pylon  
  38  3:37  Probe  
  39  3:47  Phoenix  
  39  3:49  Pylon  
  39  3:50  Assimilator  
  39  3:58  Probe  
  39  3:59  Probe  
  43  4:06  Probe  
  43  4:08  Phoenix  
  43  4:11  Probe  
  43  4:16  Probe  
  47  4:23  Probe  
  49  4:25  Stargate  
  49  4:28  Probe  
  50  4:35  Probe  
  51  4:39  Assimilator  
  51  4:40  Probe  
  51  4:42  Phoenix  
  54  4:47  Probe  
  56  4:52  Probe  
  57  5:00  Probe  
  57  5:02  Phoenix  
  57  5:04  Fleet Beacon  
  57  5:05  Probe  
  58  5:11  Phoenix  
  58  5:12  Probe  
  61  5:17  Probe  
  64  5:23  Pylon  
  64  5:24  Probe  
  64  5:27  Phoenix  
  65  5:29  Probe  
  65  5:35  Shield Battery  
  68  5:36  Anion Pulse-Crystals  
  68  5:38  Phoenix  
  70  5:53  Pylon  
  70  5:58  Probe x2  
  70  6:02  Pylon  
  70  6:03  Phoenix  
  74  6:11  Phoenix  
  76  6:17  Nexus  
  76  6:23  Pylon  
  76  6:24  Probe  
  77  6:28  Phoenix, Probe  
  80  6:36  Phoenix, Probe  
  83  6:41  Probe  
  84  6:48  Probe  
  84  6:52  Phoenix  
  84  6:53  Probe  
  88  7:00  Probe  
  88  7:01  Phoenix  
  77  7:09  Phoenix, Probe  
  77  7:13  Stalker x2  
  74  7:22  Pylon x2  
  74  7:24  Phoenix  
  74  7:26  Shield Battery  
  74  7:29  Phoenix  
  70  7:35  Probe x2  
  72  7:38  Probe  
  72  7:41  Phoenix  
  65  7:47  Probe  
  65  7:48  Phoenix, Probe  
  65  7:50  Zealot x2  
  71  7:51  Probe  
  72  7:59  Shield Battery, Probe  
  73  8:06  Phoenix  
  73  8:11  Probe x3  
  73  8:12  Phoenix  
  74  8:23  Probe x3  
  74  8:27  Stalker x2  
Tags
 
Add a new tag
Caveats
  • Supply blocks, unpowered buildings, or Contaminate may cause inaccurate times.
  • Supply counts are checked every 10 seconds.